 Dungeon Crawl Stone Soup version 0.24-a0-586-g8e0e932a4c (webtiles) character file.

Game seed: 5034306636819811915, levelgen mode: deterministic

558938 Masnef the Slayer (level 26, -16/237 HPs)
             Began as a Merfolk Gladiator on Sept 7, 2019.
             Was the Champion of Yredelemnul.
             Killed from afar by a Hell Sentinel (68 damage)
             ... with an iron shot
             ... summoned by an ancient lich
             ... on level 5 of the Vaults on Sept 8, 2019.
             The game lasted 08:09:29 (72908 turns).

Masnef the Slayer (Merfolk Gladiator)              Turns: 72908, Time: 08:09:31

Health: -16/237    AC: 30    Str: 17    XL:     26   Next: 57%
Magic:  34/34      EV: 25    Int: 19    God:    Yredelemnul [******]
Gold:   1808       SH: 16    Dex: 22    Spells: 18/31 levels left

rFire    + + .     SeeInvis +   q - +9 demon trident (protect)
rCold    . . .     Gourm    .   L - +2 shield
rNeg     . . .     Faith    .   k - +8 fire dragon scales
rPois    .         Spirit   .   e - +1 helmet {SInv}
rElec    +         Reflect  .   t - +2 cloak
rCorr    .         Harm     .   X - +2 pair of gloves {Dex+3}
MR       ++++.     Clarity  +   V - +0 pair of boots
Stlth    +++.......             M - amulet "Otaeskeg" {RegenMP rC+ MR+ Slay+3}
HPRegen  0.49/turn              F - ring "Erur" {rElec Int+5 Slay+2}
MPRegen  0.49/turn              S - ring of the Mage {Wiz MR++ Int+3}

@: berserk cooldown, slowed, studying Translocations, drained, very slow
A: change form in water, swift swim, stealthy swim, clarity, clumsy 1, dopey 1,
low mp 1, strong 1
}: 3/15 runes: decaying, abyssal, gossamer
a: Recall Undead Slaves, Injury Mirror, Animate Dead, Drain Life, Enslave Soul,
Renounce Religion


You were on level 5 of the Vaults.
You worshipped Yredelemnul.
Yredelemnul was exalted by your worship.
You were not hungry.

You visited 9 branches of the dungeon, and saw 45 of its levels.
You visited the Abyss 1 time.
You also visited: Trove and Ice Cave.

You collected 6329 gold pieces.
You spent 4521 gold pieces at shops.

Inventory:

Hand Weapons
 q - a +9 demon trident of protection (weapon)
 r - a +1 trident of freezing
Armour
 e - a +1 helmet of see invisible (worn)
 k - +8 fire dragon scales (worn)
 t - a +2 cloak (worn)
 L - a +2 shield (worn)
 V - a +0 pair of boots (worn)
 X - a +2 pair of gloves of dexterity (worn)
Jewellery
 j - the amulet "Hybroppi" {Gourm rPois rF+ rN+++ Str-2}
   (You found it in a treasure trove)

   [amulet of the gourmand]

   It allows you to eat raw meat even when not hungry.
   It affects your strength (-2).
   It protects you from fire.
   It protects you from poison.
   It renders you almost immune to negative energy.
 s - the amulet of Lucidity {Gourm Str+5 Int+6 Stlth-}
   (You found it in a treasure trove)

   [amulet of the gourmand]

   It allows you to eat raw meat even when not hungry.
   It affects your strength (+5).
   It affects your intelligence (+6).
   It makes you less stealthy.
 y - an uncursed ring of positive energy
 A - the ring of the Hippo {rPois rC+ Str+2}
   (You found it in a treasure trove)

   [ring of poison resistance]

   It affects your strength (+2).
   It protects you from cold.
   It protects you from poison.
 F - the ring "Erur" (left hand) {rElec Int+5 Slay+2}
   (You found it on level 2 of the Vaults)

   [ring of intelligence]

   It affects your intelligence (+5).
   It affects your accuracy and damage with ranged weapons and melee attacks
   (+2).
   It insulates you from electricity.
 H - an uncursed amulet of regeneration
 M - the amulet "Otaeskeg" (around neck) {RegenMP rC+ MR+ Slay+3}
   (You found it in a treasure trove)

   [amulet of magic regeneration]

   It increases your magic regeneration.
   It affects your accuracy and damage with ranged weapons and melee attacks
   (+3).
   It protects you from cold.
   It affects your resistance to hostile enchantments.
 S - the ring of the Mage (right hand) {Wiz MR++ Int+3}
   (You found it on level 3 of the Swamp)

   [ring of wizardry]

   It improves your spell success rate.
   It affects your intelligence (+3).
   It affects your resistance to hostile enchantments.
Wands
 Q - a wand of digging (10)
 T - a wand of acid (23)
 Y - a wand of scattershot (11)
Scrolls
 c - a scroll of enchant weapon
 d - 3 scrolls of blinking
 i - 2 scrolls of enchant armour
 m - 7 scrolls of fog
 n - 18 scrolls of remove curse
 p - a scroll of summoning
 x - 13 scrolls of teleportation
 C - 7 scrolls of magic mapping
 N - 8 scrolls of amnesia
 P - 8 scrolls of fear
Potions
 a - 4 potions of mutation
 b - 2 potions of agility
 g - 2 potions of resistance
 h - a potion of berserk rage
 l - 13 potions of curing
 o - 9 potions of brilliance
 u - 10 potions of heal wounds
 v - 8 potions of might
 w - 6 potions of cancellation
 z - a potion of ambrosia
 B - 11 potions of flight
 I - 2 potions of invisibility
 R - 8 potions of magic
 U - 3 potions of haste
Books
 D - a manual of Translocations
Miscellaneous
 E - a fan of gales
 G - a lamp of fire
 O - 4 phantom mirrors
 W - 3 boxes of beasts
 Z - a phial of floods
Comestibles
 f - 62 rations


   Skills:
 + Level 25.7(24.5) Fighting
 - Level 14.1(13.1) Polearms
 - Level 2.0(1.3) Throwing
 * Level 11.1(10.3) Armour
 - Level 21.1(20.0) Dodging
 - Level 10.0(9.1) Stealth
 - Level 15.0(14.0) Shields
 - Level 3.0(2.3) Spellcasting
 - Level 4.0(3.3) Hexes
 - Level 3.0(2.3) Charms
 - Level 2.0(1.4) Summonings
 - Level 9.0(8.2) Transmutations
 - Level 6.0(5.2) Poison Magic
 + Level 23.5(22.4) Invocations
 - Level 7.0(6.2) Evocations


You had 18 spell levels left.
You knew the following spells:

 Your Spells              Type           Power        Failure   Level  Hunger
a - Corona                Hex            ##.....      6%          1    #......
b - Confusing Touch       Hex            ##....       6%          1    #......
c - Summon Butterflies    Summ           #.......     14%         1    #......
d - Swiftness             Chrm/Air       #.......     22%         2    ##.....
e - Alistair's Intoxicat  Tmut/Pois      ####....     38%         5    ######.
f - Apportation           Tloc           #.....       24%         1    #......
g - Blink                 Tloc           N/A          34%         2    ##.....

Your spell library contained the following spells:

 Spells                   Type           Power        Failure   Level  Hunger
 Beastly Appendage        Tmut           ####..       1%          1    #......
 Sticks to Snakes         Tmut           ####....     1%          2    ##.....
 Spider Form              Tmut/Pois      ####......   4%          3    ###....
 Passwall                 Tmut/Erth      ###.....     7%          2    ##.....
 Ignite Poison            Fire/Tmut/Pois ###.....     12%         3    ###....
 Summon Small Mammal      Summ           #...         14%         1    #......
 Ensorcelled Hibernation  Hex/Ice        #.....       19%         2    ##.....
 Confuse                  Hex            ##......     19%         3    ###....
 Tukima's Dance           Hex            ##......     19%         3    ###....
 Shroud of Golubria       Chrm/Tloc      #.....       22%         2    ##.....
 Blade Hands              Tmut           ####......   22%         5    ######.
 Animate Skeleton         Necr           N/A          24%         1    #......
 Flame Tongue             Conj/Fire      #....        24%         1    #......
 Freeze                   Ice            #...         24%         1    #......
 Sandblast                Erth           #.....       24%         1    #......
 Shock                    Conj/Air       #...         24%         1    #......
 Corpse Rot               Necr           N/A          34%         2    ##.....
 Sublimation of Blood     Necr           #.........   34%         2    ##.....
 Throw Flame              Conj/Fire      #.....       34%         2    ##.....
 Throw Frost              Conj/Ice       #.....       34%         2    ##.....
 Dazzling Spray           Conj/Hex       #.....       34%         3    ###....
 Inner Flame              Hex/Fire       #.......     34%         3    ###....
 Portal Projectile        Hex/Tloc       #.....       34%         3    ###....
 Call Canine Familiar     Summ           #.......     38%         3    ###....
 Ice Form                 Ice/Tmut       ###.....     38%         4    #####..
 Petrify                  Tmut/Erth      ###.....     38%         4    #####..
 Ozocubu's Armour         Chrm/Ice       #.......     41%         3    ###....
 Yara's Violent Unravell  Hex/Tmut       ###.......   50%         5    ######.
 Conjure Flame            Conj/Fire      #.......     56%         3    ###....
 Gell's Gravitas          Tloc           #.........   56%         3    ###....
 Lesser Beckoning         Tloc           #.........   56%         3    ###....
 Static Discharge         Conj/Air       #.......     56%         3    ###....
 Stone Arrow              Conj/Erth      #.....       56%         3    ###....
 Teleport Other           Tloc           #.......     56%         3    ###....
 Summon Ice Beast         Ice/Summ       #.......     85%         4    #####..
 Venom Bolt               Conj/Pois      ##........   89%         5    ######.
 Airstrike                Air            #.........   91%         4    #####..
 Force Lance              Conj/Tloc      #.......     91%         4    #####..
 Passage of Golubria      Tloc           N/A          91%         4    #####..
 Sticky Flame             Conj/Fire      #.......     91%         4    #####..
 Throw Icicle             Conj/Ice       #.......     91%         4    #####..
 Summon Mana Viper        Hex/Summ       ##......     91%         5    ######.
 Metabolic Englaciation   Hex/Ice        #.........   96%         5    ######.
 Silence                  Hex/Air        #.........   96%         5    ######.
 Excruciating Wounds      Chrm/Necr      #.........   98%         5    ######.
 Iskenderun's Battlesphe  Conj/Chrm      #.......     98%         5    ######.
 Agony                    Necr           #.......     99%         5    ######.
 Bolt of Draining         Conj/Necr      #.........   99%         5    ######.
 Bolt of Magma            Conj/Fire/Erth #.........   99%         5    ######.
 Borgnjor's Vile Clutch   Necr/Erth      #.........   99%         5    ######.
 Dispel Undead            Necr           #.......     99%         5    ######.
 Fireball                 Conj/Fire      #.........   99%         5    ######.
 Lee's Rapid Deconstruct  Erth           #.........   99%         5    ######.
 Lightning Bolt           Conj/Air       #.........   99%         5    ######.
 Statue Form              Tmut/Erth      ###......    99%         6    #######
 Bolt of Cold             Conj/Ice       #.........   100%        6    #######
 Bolt of Fire             Conj/Fire      #.........   100%        6    #######
 Darkness                 Hex            ##........   100%        6    #######
 Dispersal                Tloc           #.........   100%        6    #######
 Freezing Cloud           Conj/Ice/Air   #.........   100%        6    #######
 Invisibility             Hex            ##......     100%        6    #######
 Iron Shot                Conj/Erth      #.........   100%        6    #######
 Ozocubu's Refrigeration  Ice            #.........   100%        6    #######
 Shadow Creatures         Summ           N/A          100%        6    #######
 Simulacrum               Ice/Necr       #.........   100%        6    #######
 Orb of Destruction       Conj           #.........   100%        7    #######
 Ring of Flames           Chrm/Fire      #.........   100%        7    #######
 Spellforged Servitor     Conj/Summ      #.........   100%        7    #######
 Summon Hydra             Summ           #.........   100%        7    #######
 Controlled Blink         Tloc           N/A          100%        8    #######
 Disjunction              Tloc           #.........   100%        8    #######
 Ignition                 Fire           #.........   100%        8    #######
 Shatter                  Erth           #.........   100%        9    #######


Dungeon Overview and Level Annotations

Branches:
Dungeon (15/15)            Temple (1/1) D:4            Lair (6/6) D:8
  Swamp (4/4) Lair:4       Spider (4/4) Lair:4        Slime (0/5) Lair:6
    Orc (2/2) D:10            Elf (3/3) Orc:2        Vaults (5/5) D:14
  Crypt (0/3) Vaults:3     Depths (5/5) D:15            Zot (0/5) Depths:5
  IceCv (visited)

Altars:
Ashenzari
Cheibriados
Dithmenos
Elyvilon
Fedhas
Gozag
Hepliaklqana
Kikubaaqudgha
Makhleb
Nemelex Xobeh
Okawaru
Qazlal
Ru
Sif Muna
Trog
Uskayaw
Vehumet
Wu Jian
Xom
Yredelemnul
Zin
The Shining One
Beogh
Jiyva
Lugonu

Shops:
D:7 [   D:12 ((*   D:14 %   D:15 %   Orc:1 }   Orc:2 !(:*   Elf:1 *=
Vaults:1 !*:(!   Vaults:3 !   Depths:5 =

Portals:
Hell: Depths:1 Depths:2 Depths:3 Depths:4 Depths:5
Abyss: Depths:4
Pandemonium: Depths:3 Depths:4
Ziggurat: Depths:3

Annotations:
Depths:4 1 runed translucent door


Innate Abilities, Weirdness & Mutations

You revert to your normal form in water.
You are very nimble and swift while swimming.
You are very stealthy in the water. (Stealth+)
You possess an exceptional clarity of mind.
You are clumsy. (Dex -2)
You are dopey. (Int -2)
Your magical capacity is low. (-10% MP)
Your muscles are strong. (Str +2)


Message History

Unknown command.
You feel much better. You block the Hell Sentinel's attack.
The Hell Sentinel completely misses you.
Your ironbrand convoker gestures at your deep elf mage while chanting.
Your deep elf mage seems to grow stronger.
Your deep elf knight unwields a +0 shortbow.
Your deep elf knight wields a +0 long sword.
Your deep elf knight hits the Hell Sentinel with a +0 long sword!
The Tzitzimitl engulfs you but does no damage.
The Tzitzimitl bites you but does no damage.
The ancient lich gestures at you while chanting.
The bolt of fire hits you!! You resist.
* * * LOW HITPOINT WARNING * * *
The lorocyproca hits your ironbrand convoker!!
Your ironbrand convoker dies!
Your ironbrand convoker's corpse dissolves into shadows!
The Hell Sentinel gestures at you. The iron shot hits you!!!
You die...
Your body rises from the dead as a mindless zombie.

.. ... #.. #
######.#####..
#.....#.....#
#e§2TT#.....#
#e1LC§#.....#
#e@1D§#....}# ######T# .
#....# #.# (}
#....######.#####.[.
#....#!....#.....#
#..[.#.....#.....#
####....#.....#$....#
###..#....#.....#.?...#
##....#....######.#####...


You could see a Hell Sentinel, an iron dragon, an ancient lich (invisible), a
Tzitzimitl, a stone giant, a lorocyproca (invisible), a deep troll, a friendly
deep elf knight and 2 friendly deep elf magi.

Vanquished Creatures
  The ghost of Sadgh the Slayer, a veteran HOGl of Uskayaw (Depths:2)
  2 caustic shrikes (Depths:4)
  4 golden dragons
  3 bone dragons
  5 liches
  Jorgrun (Orc:2)
  4 tentacled monstrosities
  A deep elf blademaster (Elf:3)
  3 quicksilver dragons
  An Executioner (Abyss:3)
  2 sphinxes
  10 tentacled starspawn
  5 storm dragons
  4 tengu reavers
  A thorn hunter (Swamp:4)
  Donald (Orc:2)
  A shadow dragon (Depths:4)
  8 frost giants
  11 fire giants
  10 deep elf sorcerers
  4 ghost moths
  A vault warden (Vaults:3)
  An orc warlord (Orc:2)
  An iron dragon (Depths:4)
  A caustic shrike zombie (Depths:1)
  6 deep elf elementalists
  8 ironheart preservers
  2 cacodemons
  An emperor scorpion (Spider:2)
  14 very ugly things
  A draconian annihilator (Abyss:3)
  2 angels (Abyss:2)
  2 war gargoyles
  A spriggan defender (Depths:4)
  15 stone giants
  Nessos (Orc:2)
  3 entropy weavers
  The ghost of Cettoll the Nimble, a journeyman OpWn of Uskayaw (Orc:1)
  19 starcursed masses
  A green draconian (Depths:5)
  4 vampire knights
  2 deep elf demonologists (Elf:3)
  A lorocyproca (Abyss:3)
  A purple draconian (Depths:5)
  6 deep elf annihilators
  2 black draconians
  7 spark wasps
  A blizzard demon (Depths:1)
  5 deep elf death magi
  9 ettins
  10 fire dragons
  The ghost of flidderman the Grappler, a journeyman TrMo of Makhleb (D:14)
  8 ogre magi
  2 deep elf high priests
  20 yaktaur captains
  2 rakshasas
  10 great orbs of eyes
  20 vault guards (Vaults:5)
  8 hydras
  3 spriggan air magi
  2 naga warriors (Abyss:3)
  A shambling mangrove (Swamp:2)
  5 centaur warriors
  2 catoblepae (Abyss:4)
  8 ice dragons
  A death knight (Vaults:3)
  13 dancing weapons
  17 two-headed ogres
  11 deep troll earth magi
  A vampire mage (Vaults:3)
  2 hell hogs (Abyss:2)
  A titan zombie (Depths:1)
  6 tengu warriors
  7 alligators
  6 death yaks
  8 deep troll shamans
  An alligator (shapeshifter) (Depths:4)
  An orc high priest (Orc:1)
  17 thrashing horrors
  A soul eater (Abyss:3)
  7 spriggan berserkers
  13 hell knights
  9 deep elf knights
  10 wretched stars
  2 skeletal warriors
  6 sixfirhies
  3 iron trolls
  35 small abominations
  A spatial maelstrom (Abyss:4)
  A death drake (Abyss:4)
  4 spriggan druids
  A golden dragon zombie (Depths:4)
  4 flayed ghosts
  A swamp dragon (Swamp:3)
  A storm dragon skeleton (Abyss:2)
  4 unseen horrors
  4 glowing orange brains
  A quicksilver dragon simulacrum (Abyss:2)
  A torturous demonspawn (Abyss:3)
  25 deep trolls
  5 wizards
  3 deep elf archers
  5 harpies
  Pikel (D:6)
  5 necromancers
  29 deep elf magi
  7 ironbrand convokers
  7 orc knights
  21 ugly things
  10 orb spiders
  A phantasmal warrior (Vaults:5)
  16 wolf spiders
  3 orc sorcerers
  6 worldbinders
  A moth of wrath (Spider:4)
  A manticore (D:15)
  A frost giant skeleton (Abyss:3)
  A moth of wrath (shapeshifter) (Elf:3)
  An elephant (Lair:5)
  11 slime creatures
  An eye of devastation (Abyss:2)
  6 vault sentinels
  An apocalypse crab (Abyss:2)
  2 orange demons (Abyss:2)
  12 smoke demons
  2 gargoyles
  A guardian serpent (Abyss:3)
  2 ice statues
  A hellion (Abyss:3)
  A spiny frog (shapeshifter) (Vaults:2)
  4 spiny frogs
  2 torpor snails
  5 kobold demonologists
  A komodo dragon (shapeshifter) (Elf:2)
  2 efreet
  29 yaktaurs
  9 demonic crawlers
  4 tengu conjurers
  A tormentor (Abyss:3)
  A rime drake (Lair:6)
  5 freezing wraiths
  6 komodo dragons
  6 ancient zymes
  A hellwing (Abyss:3)
  A silent spectre (Abyss:4)
  4 catoblepas skeletons (Abyss:4)
  15 jumping spiders
  2 queen bees
  6 trolls
  22 polar bears
  A polar bear (shapeshifter) (Depths:1)
  A meliai (shapeshifter) (Abyss:4)
  A harpy zombie (D:15)
  A shadow dragon simulacrum (Abyss:2)
  2 meliai (D:14)
  Prince Ribbit (D:5)
  The ghost of BigAxe the Chopper, an amateur HuBe of Trog (D:3)
  36 raiju
  6 tyrant leeches
  14 hornets
  An ettin zombie (Depths:4)
  8 blink frogs
  2 fire dragon zombies
  3 bog bodies
  9 hippogriffs
  13 flying skulls
  44 redbacks
  5 spriggans
  2 air elementals
  10 ynoxinuls
  20 tarantellas
  2 shadows
  A wyvern (Lair:3)
  4 water elementals
  7 wraiths
  A human (shapeshifter) (Vaults:2)
  A hog (shapeshifter) (Vaults:4)
  6 chaos spawn
  22 yaks
  2 basilisks (Abyss:4)
  33 large abominations
  9 neqoxecs
  A fire elemental (Abyss:3)
  7 golden eyes
  3 hungry ghosts
  9 vampire mosquitoes
  15 spatial vortices
  A soldier ant (D:13)
  A naga (Abyss:3)
  2 wargs
  A two-headed ogre zombie (Depths:3)
  14 insubstantial wisps
  A spiny frog zombie (Lair:6)
  Duvessa (D:5)
  A water moccasin (shapeshifter) (Abyss:3)
  8 swamp worms
  8 water moccasins
  An acid dragon (Vaults:2)
  3 hell hounds (Abyss:3)
  4 porcupines
  5 swamp drakes
  A spiny frog skeleton (Abyss:2)
  2 ice beasts
  28 orc warriors
  2 eyes of draining (Abyss:3)
  2 necrophages (D:11)
  2 phantoms (D:10)
  3 sky beasts
  A blink frog zombie (Lair:4)
  10 ogres
  12 centaurs
  13 boggarts
  20 wolves
  A crocodile (shapeshifter) (Depths:1)
  6 crocodiles
  3 big kobolds
  A wyvern zombie (D:11)
  15 bullfrogs
  7 earth elementals
  2 gnoll sergeants
  3 wyvern skeletons
  2 scorpions
  Dowan (D:5)
  A yak zombie (Lair:4)
  45 killer bees
  3 troll zombies (D:10)
  7 wights
  2 howler monkeys (D:11)
  2 electric eels
  A wolf zombie (Lair:4)
  2 jellies
  6 crimson imps
  2 bullfrog zombies (Lair:4)
  2 human zombies (D:11)
  4 quasits
  Crazy Yiuf (D:3)
  13 orc priests
  6 hounds
  4 iron imps
  12 orc wizards
  2 human skeletons
  2 iguanas
  7 worker ants
  6 hell rats
  5 ogre zombies (D:10)
  2 ogre skeletons (Lair:6)
  A hound skeleton (D:4)
  3 mummies (D:11)
  A worker ant zombie (D:10)
  11 gnolls
  11 river rats
  6 adders
  2 shadow imps
  7 white imps
  4 ufetubi
  An ooze (D:4)
  2 leopard geckos
  68 orcs
  3 ball pythons (D:3)
  6 bats
  9 giant cockroaches
  6 goblins
  13 hobgoblins
  9 jackals
  8 quokkas
  9 frilled lizards
  2 goblin skeletons (D:10)
  2 goblin zombies (D:10)
  3 hobgoblin skeletons (D:10)
  A hobgoblin zombie (D:10)
  9 kobolds
  A leopard gecko skeleton (D:4)
  A leopard gecko zombie (D:7)
  3 orc skeletons (D:10)
  17 orc zombies
  A quokka zombie (D:5)
  13 rats
  3 briar patches
  A crawling corpse (Elf:3)
  10 starspawn tentacles
1695 creatures vanquished.

Vanquished Creatures (collateral kills)
  Mara (Vaults:2)
  A juggernaut (Depths:4)
  Sojobo (Vaults:2)
  A caustic shrike (Depths:4)
  Nikola (Swamp:4)
  3 golden dragons
  Arachne (Spider:2)
  A bone dragon (Abyss:4)
  2 tentacled monstrosities
  3 deep elf blademasters
  A deep elf master archer (Elf:3)
  A quicksilver dragon (Vaults:5)
  The ghost of Ecatez the Peltast, an adept HOMo of Beogh (Vaults:2)
  3 liches
  4 tentacled starspawn
  An Executioner (Abyss:3)
  5 tengu reavers
  2 thorn hunters
  4 sphinxes
  2 storm dragons
  Roxanne (D:15)
  4 shadow dragons
  2 revenants
  7 fire giants
  An orc warlord (Vaults:5)
  A balrug (Abyss:3)
  2 iron dragons (Depths:4)
  A ghost moth (Spider:4)
  2 vault wardens
  Aizul (Swamp:3)
  4 emperor scorpions
  3 deep elf sorcerers (Elf:3)
  9 frost giants
  5 deep elf elementalists
  Louise (Swamp:1)
  A draconian shifter (Depths:5)
  An angel (Abyss:3)
  A war gargoyle (Vaults:5)
  A draconian annihilator (Depths:5)
  2 spriggan defenders (Depths:4)
  8 ironheart preservers
  11 very ugly things
  8 stone giants
  4 entropy weavers
  2 green draconians (Depths:5)
  A corrupter (Abyss:3)
  A vampire knight (Depths:4)
  The ghost of Ekhor the Cleaver, a journeyman GrBe of Trog (Lair:6)
  A dire elephant (D:15)
  4 deep elf demonologists
  11 spark wasps
  The ghost of Viasus the Prestidigitator, a journeyman GnAr of Trog (Lair:3)
  3 deep elf annihilators (Elf:3)
  2 yellow draconians (Depths:5)
  2 green deaths (Abyss:3)
  7 ettins
  2 deep elf death magi (Elf:3)
  A death ooze (Lair:6)
  Josephine (D:12)
  13 fire dragons
  5 great orbs of eyes
  8 ogre magi
  3 deep elf high priests
  4 vault guards (Vaults:5)
  11 yaktaur captains
  4 ice dragons
  Erolcha (D:13)
  4 rakshasas
  A catoblepas (Lair:6)
  Erica (D:7)
  15 hydras
  7 centaur warriors
  3 shambling mangroves (Swamp:3)
  A ghost crab (Swamp:4)
  18 two-headed ogres
  3 spriggan air magi (Depths:4)
  7 deep troll earth magi
  3 death knights
  6 alligators
  12 dancing weapons
  5 tengu warriors
  7 death yaks
  7 deep troll shamans
  2 hell hogs (Abyss:2)
  5 spriggan berserkers
  3 thrashing horrors
  An orc high priest (D:10)
  15 deep elf knights
  3 wretched stars
  3 sun demons (Depths:1)
  4 hell knights
  A shadow wraith (Vaults:4)
  A spark wasp zombie (Depths:3)
  An unseen horror (shapeshifter) (Vaults:4)
  An iron troll (Depths:1)
  A shadow demon (Abyss:3)
  2 sixfirhies (Abyss:3)
  2 skeletal warriors (D:14)
  A spatial maelstrom (Abyss:3)
  An unseen horror (D:14)
  20 deep trolls
  5 starcursed masses
  3 lindwurms (Swamp:4)
  A glowing orange brain (Abyss:3)
  3 wizards
  7 deep elf archers
  9 swamp dragons
  2 flayed ghosts
  A phantasmal warrior (Vaults:5)
  8 orc knights
  2 necromancers
  6 harpies
  19 orb spiders
  27 deep elf magi
  25 ugly things
  11 ironbrand convokers
  21 wolf spiders
  6 cyclopes
  An orb spider (shapeshifter) (Depths:4)
  An orc sorcerer (Orc:1)
  A manticore (D:15)
  A frost giant zombie (Abyss:3)
  A stone giant zombie (Abyss:1)
  An oklob plant (Lair:6)
  2 worldbinders (Abyss:1)
  A mana viper (shapeshifter) (Depths:4)
  6 moths of wrath
  A salamander (Abyss:3)
  A cyclops (shapeshifter) (Depths:4)
  6 elephants
  8 vault sentinels
  A faun (shapeshifter) (Vaults:5)
  2 apocalypse crabs
  A black mamba (Lair:4)
  3 smoke demons
  A torpor snail (Lair:4)
  2 hellions
  4 centaur skeletons
  2 kobold demonologists (D:14)
  14 spiny frogs
  An efreet (Abyss:4)
  A rime drake (Lair:4)
  9 demonic crawlers
  25 yaktaurs
  A yaktaur zombie (Vaults:5)
  2 komodo dragons
  7 small abominations
  3 ice devils (Depths:1)
  3 meliai (Spider:2)
  5 freezing wraiths
  A silent spectre (Abyss:3)
  A tengu conjurer (Depths:4)
  An ancient zyme (Abyss:3)
  30 jumping spiders
  4 polar bears
  A tyrant leech (Swamp:3)
  A queen bee (Spider:2)
  A queen bee (shapeshifter) (Vaults:1)
  2 trolls
  5 bog bodies
  15 hornets
  14 raiju (Abyss:3)
  11 slime creatures
  7 blink frogs
  A fire dragon zombie (Abyss:3)
  3 hippogriffs (Lair:5)
  6 large abominations
  2 dream sheep (Lair:5)
  A hippogriff (shapeshifter) (Abyss:3)
  5 flying skulls (Abyss:3)
  49 redbacks
  2 air elementals
  2 vampires
  6 spriggans
  A spriggan skeleton (Depths:1)
  2 ynoxinuls (Abyss:3)
  A water elemental (Depths:2)
  2 shadows
  25 tarantellas
  4 wraiths
  14 yaks
  3 chaos spawn
  A neqoxec (Abyss:3)
  A golden eye (shapeshifter) (Vaults:1)
  3 golden eyes
  7 vampire mosquitoes
  A yaktaur simulacrum (Depths:1)
  7 basilisks
  2 spatial vortices (Abyss:3)
  A hungry ghost (D:10)
  7 swamp worms
  5 wargs
  A warg (shapeshifter) (Depths:3)
  12 insubstantial wisps
  A hell hound (Abyss:3)
  3 soldier ants (shapeshifter)
  7 water moccasins
  4 porcupines
  8 swamp drakes
  21 orc warriors
  An eye of draining (Abyss:3)
  3 sky beasts
  An ice dragon simulacrum (Depths:1)
  A black bear (Lair:6)
  An eye of draining (shapeshifter) (Vaults:4)
  3 ice beasts
  8 boggarts
  8 wolves
  15 ogres
  A snapping turtle skeleton (Abyss:3)
  8 centaurs
  A crocodile (Lair:4)
  2 big kobolds (D:14)
  8 bullfrogs
  2 earth elementals (Abyss:4)
  2 scorpions
  A raiju zombie (Abyss:2)
  15 killer bees
  4 wights
  2 howler monkeys (D:11)
  4 crimson imps
  A quasit (Abyss:3)
  7 orc priests
  3 jellies
  2 orc wizards
  An iguana (D:13)
  2 hell rats
  An adder (D:8)
  6 river rats (Lair:1)
  5 white imps (Depths:1)
  An ufetubus (Abyss:3)
  29 orcs
  4 kobolds
  An orc zombie (Vaults:5)
  A rat (Lair:1)
  7 briar patches
  A crawling corpse (Elf:3)
  14 fungi
  2 lurking horrors (Abyss:3)
  8 plants
  3 starspawn tentacles
1155 creatures vanquished.

Vanquished Creatures (others)
  3 profane servitors
  4 bone dragons
  A spectral human (Elf:3)
  2 spectral juggernauts
  A caustic shrike zombie (Depths:4)
  An ironheart preserver (Vaults:5)
  9 ghouls
  A very ugly thing (Vaults:5)
  A spectral titan (Vaults:5)
  9 vampire knights
  A blizzard demon (Abyss:4)
  8 very ugly thing zombies
  2 quicksilver dragon zombies
  A spectral spriggan (Depths:4)
  A deep elf knight (Elf:3)
  12 skeletal warriors
  2 storm dragon zombies (Depths:4)
  4 golden dragon zombies
  17 flayed ghosts
  5 spark wasp zombies
  A deep troll (Depths:3)
  2 sphinx zombies
  A shadow dragon skeleton (Vaults:5)
  4 frost giant zombies
  5 stone giant zombies
  12 phantasmal warriors
  2 hell hog zombies (Abyss:2)
  3 ugly thing zombies (Depths:3)
  3 fire giant zombies
  5 wolf spider zombies
  A deep elf mage (Elf:1)
  An iron dragon zombie (Depths:4)
  A wizard (D:13)
  A draconian zombie (Depths:5)
  A spiny frog (Swamp:4)
  An ice devil (Depths:1)
  A yellow draconian zombie (Depths:5)
  4 yaktaurs
  7 redback zombies
  A jumping spider (Spider:3)
  A ghoul skeleton (Depths:4)
  A slime creature (Depths:2)
  3 tarantella zombies (Spider:4)
  3 demonic crawler zombies
  4 ettin zombies
  3 ice dragon zombies
  An alligator zombie (Swamp:3)
  2 jumping spider zombies (Spider:1)
  10 spriggan zombies
  5 fire dragon zombies
  A fire dragon skeleton (Depths:2)
  17 flying skulls
  A small abomination (Abyss:4)
  3 wraiths
  10 vampires
  A chaos spawn (Abyss:4)
  A golden eye (Abyss:3)
  17 deep troll zombies
  8 tengu zombies
  2 spiny frog zombies
  2 orb spider zombies
  2 two-headed ogre zombies
  2 elf skeletons (Elf:3)
  23 human zombies
  A water moccasin (shapeshifter) (Vaults:4)
  A deep troll skeleton (Vaults:5)
  6 hornet zombies
  20 elf zombies
  An eye of draining (Abyss:3)
  A swamp dragon zombie (Swamp:4)
  A lindwurm zombie (Swamp:4)
  4 blink frog zombies
  2 vampire mosquito zombies (Lair:4)
  A rime drake zombie (Lair:6)
  A hippogriff zombie (Lair:4)
  21 yaktaur zombies
  A cyclops zombie (D:14)
  A komodo dragon skeleton (Swamp:3)
  A hippogriff skeleton (Lair:4)
  A yaktaur skeleton (Depths:3)
  3 polar bear zombies (IceCv)
  4 warg zombies
  2 water moccasin zombies
  16 raiju zombies
  A warg skeleton (Orc:1)
  A troll zombie (Orc:2)
  2 yak skeletons (IceCv)
  4 yak zombies (IceCv)
  5 wolf zombies
  A crimson imp (Depths:1)
  3 wolf skeletons
  A bullfrog zombie (D:10)
  4 centaur zombies
  A quasit (Abyss:2)
  A basilisk zombie (Lair:6)
  A jelly (D:6)
  A bullfrog skeleton (Lair:1)
  2 centaur skeletons
  5 human skeletons
  2 porcupine zombies
  8 killer bee zombies
  5 ogre zombies
  A big kobold zombie (D:8)
  A sky beast zombie (Abyss:3)
  A necrophage skeleton (D:11)
  A dwarf skeleton (Lair:6)
  A hound zombie (D:8)
  A mummy (D:11)
  A hell rat zombie (D:8)
  2 howler monkey zombies (D:11)
  A worker ant zombie (D:14)
  2 howler monkey skeletons (D:11)
  A scorpion zombie (D:10)
  An adder skeleton (D:11)
  An adder zombie (D:8)
  An orc (D:6)
  A giant cockroach (D:6)
  A gnoll zombie (D:7)
  2 river rat zombies (D:8)
  A kobold zombie (D:8)
  7 orc skeletons
  29 orc zombies
  A briar patch (Swamp:4)
  2 fire vortices (Abyss:4)
  2 fungi (Lair:4)
  4 lurking horrors
  4 plants
  26 starspawn tentacles
498 creatures vanquished.

Grand Total: 3348 creatures vanquished

Notes
Turn   | Place    | Note
-------+----------+-------------------------------------------
     0 | D:1      | Masnef the Merfolk Gladiator began the quest for the Orb.
     0 | D:1      | Reached XP level 1. HP: 16/16 MP: 1/1
    85 | D:1      | Reached skill level 5 in Polearms
    93 | D:1      | Reached XP level 2. HP: 22/22 MP: 2/2
   428 | D:1      | Reached XP level 3. HP: 27/27 MP: 3/3
  1341 | D:2      | Reached XP level 4. HP: 29/33 MP: 4/4
  1677 | D:3      | Found a large runed translucent door.
  1677 | D:3      | Found a large runed translucent door.
  1681 | D:3      | Noticed BigAxe's ghost (amateur HuBe)
  1943 | D:3      | Reached skill level 5 in Dodging
  1980 | D:3      | Reached XP level 5. HP: 25/38 MP: 5/5
  2491 | D:3      | Found a runed translucent door.
  2492 | D:3      | Noticed Crazy Yiuf
  2680 | D:3      | Killed Crazy Yiuf
  2680 | D:3      | Reached skill level 1 in Shields
  2799 | D:4      | Noticed an ogre
  2808 | D:4      | Killed an ogre
  2808 | D:4      | Reached XP level 6. HP: 24/44 MP: 6/6
  3400 | D:4      | Noticed an ice beast
  3527 | D:4      | Found a staircase to the Ecumenical Temple.
  3536 | Temple   | Entered the Ecumenical Temple
  3599 | Temple   | Became a worshipper of Yredelemnul the Dark
  3653 | Temple   | Reached XP level 7. HP: 43/50 MP: 7/7
  3669 | Temple   | Reached skill level 10 in Polearms
  4142 | D:5      | Entered Level 5 of the Dungeon
  4204 | D:5      | Noticed Duvessa
  4205 | D:5      | Noticed Dowan
  4563 | D:5      | Killed Dowan
  4700 | D:5      | Noticed Prince Ribbit
  4723 | D:5      | Killed Prince Ribbit
  4723 | D:5      | Reached XP level 8. HP: 46/57 MP: 8/8
  5513 | D:5      | Killed Duvessa
  5639 | D:5      | Reached skill level 3 in Fighting
  5969 | D:6      | Noticed Pikel
  6008 | D:6      | Killed Pikel
  6008 | D:6      | Reached skill level 4 in Fighting
  6008 | D:6      | Reached skill level 5 in Shields
  6008 | D:6      | Reached XP level 9. HP: 30/66 MP: 9/9
  6358 | D:6      | Found a stormy altar of Qazlal.
  6662 | D:7      | Reached * piety under Yredelemnul
  6955 | D:7      | Reached skill level 5 in Fighting
  6955 | D:7      | Reached skill level 1 in Invocations
  7214 | D:7      | Found Ufofupel's Armour Emporium.
  7779 | D:7      | Found a shimmering altar of Xom.
  7905 | D:8      | Noticed Erica
  7940 | D:8      | Noticed a deep elf mage
  7942 | D:8      | Noticed a demonic crawler
  7953 | D:8      | Killed a deep elf mage
  8446 | D:7      | Reached skill level 6 in Fighting
  8446 | D:7      | Reached XP level 10. HP: 61/76 MP: 10/12
  9136 | D:8      | Reached skill level 1 in Armour
  9537 | D:7      | Killed Erica
  9779 | D:8      | Found a staircase to the Lair.
  9945 | D:8      | Noticed a death yak
  9945 | D:8      | Noticed a death yak
  9950 | D:8      | Noticed a death yak
 10299 | D:3      | Killed BigAxe's ghost
 10299 | D:3      | Reached ** piety under Yredelemnul
 11555 | D:9      | Found a shimmering altar of Xom.
 11767 | D:10     | Entered Level 10 of the Dungeon
 12402 | D:9      | Killed an unseen horror
 12784 | D:10     | Reached XP level 11. HP: 62/83 MP: 14/14
 12908 | D:10     | Found a staircase to the Orcish Mines.
 12987 | D:10     | Reached *** piety under Yredelemnul
 13124 | D:10     | Reached skill level 7 in Fighting
 13640 | D:10     | Learned a level 1 spell: Corona
 13670 | D:10     | Reached skill level 1 in Spellcasting
 13675 | D:10     | Reached skill level 10 in Shields
 13773 | D:10     | Received a gift from Yredelemnul (a mummy)
 14387 | D:11     | Reached skill level 1 in Hexes
 14691 | D:11     | Reached skill level 5 in Invocations
 15111 | D:11     | Found a basalt altar of Yredelemnul.
 15496 | D:12     | Found Gaggar's Antique Weapon Shop.
 15504 | D:12     | Bought a glowing trident for 208 gold pieces
 15535 | D:12     | Found a corrupted altar of Lugonu.
 15708 | D:8      | Killed a death yak
 15879 | Lair:1   | Entered Level 1 of the Lair of Beasts
 15892 | Lair:1   | Killed a death yak
 15892 | Lair:1   | Reached skill level 10 in Dodging
 15982 | Lair:1   | Killed a death yak
 15982 | Lair:1   | Reached skill level 1 in Evocations
 16221 | Lair:1   | Reached **** piety under Yredelemnul
 16245 | Lair:1   | Received a gift from Yredelemnul (2 flying skulls)
 17137 | Lair:2   | Reached skill level 8 in Fighting
 17633 | Lair:3   | Reached XP level 12. HP: 92/92 MP: 15/15
 17675 | Lair:3   | Found a bloodstained altar of Trog.
 17675 | Lair:3   | Noticed Viasus's ghost (journeyman GnAr)
 17675 | Lair:3   | Identified the +2 spear "Kuuhonoa" {distort, rF+}
 17675 | Lair:3   | Noticed a spriggan rider
 17676 | Lair:3   | Found a transporter.
 17678 | Lair:3   | Identified the cursed +0 trident of Zuefiqu {elec, *Slow
                  | Str-4 Int+8 SInv}
 17678 | Lair:3   | Noticed a spriggan rider
 17684 | Lair:3   | Found a transporter.
 17701 | Lair:3   | Noticed a four-headed hydra
 17710 | Lair:3   | Killed a four-headed hydra
 17725 | Lair:3   | Noticed a five-headed hydra
 17864 | Lair:3   | You fall into a shaft and drop 1 floor!
 18050 | Lair:4   | Received a gift from Yredelemnul (a wight)
 18294 | Lair:4   | Found a staircase to the Swamp.
 18481 | Lair:4   | Noticed a four-headed hydra
 18499 | Lair:4   | Killed a four-headed hydra
 18597 | Lair:4   | Received a gift from Yredelemnul (2 flying skulls)
 18764 | Lair:4   | Found a hole to the Spider Nest.
 19081 | Lair:3   | Received a gift from Yredelemnul (4 flying skulls)
 19507 | D:11     | Reached skill level 9 in Fighting
 19734 | Lair:5   | Noticed a death yak
 19748 | Lair:5   | Noticed a death yak
 19751 | Lair:5   | Noticed a death yak
 19761 | Lair:4   | Killed a death yak
 19771 | Lair:5   | Killed a death yak
 19777 | Lair:5   | Killed a death yak
 19791 | Lair:5   | Found a frozen archway.
 19802 | IceCv    | Entered an ice cave
 19984 | IceCv    | Reached XP level 13. HP: 97/101 MP: 18/18
 20033 | IceCv    | Reached ***** piety under Yredelemnul
 20282 | IceCv    | Received a gift from Yredelemnul (a vampire)
 20725 | IceCv    | Received a gift from Yredelemnul (a vampire)
 20878 | IceCv    | Noticed a frost giant
 20912 | IceCv    | Killed a frost giant
 21076 | IceCv    | Identified a scroll of acquirement
 21700 | Lair:5   | Received a gift from Yredelemnul (4 flying skulls)
 22116 | Lair:6   | Entered Level 6 of the Lair of Beasts
 22472 | Lair:6   | Received a gift from Yredelemnul (a wraith)
 22482 | Lair:6   | Reached skill level 15 in Shields
 22519 | Lair:6   | Reached skill level 10 in Fighting
 22519 | Lair:6   | Reached XP level 14. HP: 53/110 MP: 13/20
 22903 | Lair:6   | Found a staircase to the Slime Pits.
 22904 | Lair:6   | Found a viscous altar of Jiyva.
 23038 | Lair:6   | Found a runed translucent gate.
 23038 | Lair:6   | Found a runed translucent gate.
 23039 | Lair:6   | Found a runed translucent gate.
 23040 | Lair:6   | Noticed Ekhor's ghost (journeyman GrBe)
 23049 | Lair:6   | Found a viscous altar of Jiyva.
 23696 | Orc:1    | Entered Level 1 of the Orcish Mines
 23883 | Orc:1    | Received a gift from Yredelemnul (a wraith)
 24156 | Orc:1    | Received a gift from Yredelemnul (a flayed ghost)
 24211 | Orc:1    | Received a gift from Yredelemnul (5 flying skulls)
 24212 | Orc:1    | Found a roughly hewn altar of Beogh.
 24462 | Orc:1    | Noticed Cettoll's ghost (journeyman OpWn)
 24467 | Orc:1    | Found a runed translucent gate.
 24467 | Orc:1    | Found a runed translucent gate.
 24467 | Orc:1    | Found a runed translucent gate.
 24691 | Orc:1    | Found Ufystem's Gadget Emporium.
 24952 | Orc:1    | Killed Cettoll's ghost
 25085 | Orc:2    | Entered Level 2 of the Orcish Mines
 25085 | Orc:2    | Noticed Nessos
 25254 | Orc:2    | Killed Nessos
 25254 | Orc:2    | Reached skill level 10 in Invocations
 25258 | Orc:2    | Noticed an orc warlord
 25271 | Orc:2    | Your ally Nessos died
 25272 | Orc:2    | Killed an orc warlord
 25435 | Orc:2    | Noticed Donald
 25436 | Orc:2    | Found a staircase to the Elven Halls.
 25444 | Orc:2    | Noticed Jorgrun
 25502 | Orc:1    | Received a gift from Yredelemnul (a vampire knight)
 25651 | Orc:2    | Received a gift from Yredelemnul (a wraith)
 25688 | Orc:2    | Killed Donald
 25700 | Orc:2    | Killed Jorgrun
 25885 | Orc:2    | Found a roughly hewn altar of Beogh.
 25908 | Orc:2    | Noticed Rupert
 25934 | Orc:2    | Killed Rupert
 25934 | Orc:2    | Enslaved Rupert
 26071 | Orc:2    | Found Xecwepli's General Store.
 26088 | Orc:2    | Found Olabubaf's Book Emporium.
 26088 | Orc:2    | Found Uxzot's Weapon Boutique.
 26088 | Orc:2    | Found Ycupsakk's Distillery.
 26098 | Orc:2    | Bought a potion of heal wounds for 85 gold pieces
 26098 | Orc:2    | Bought a potion of berserk rage for 85 gold pieces
 26105 | Orc:2    | Bought a scroll of fog for 26 gold pieces
 26821 | D:12     | Noticed Josephine
 26839 | D:12     | Killed Josephine
 26848 | D:12     | Received a gift from Yredelemnul (a phantasmal warrior)
 26885 | D:12     | Found Qyaboydu's Assorted Antiques.
 26981 | D:12     | Reached skill level 11 in Fighting
 27126 | D:12     | Found Poefroh's Antique Weapon Boutique.
 27375 | D:13     | Noticed Erolcha
 27377 | D:13     | Killed Erolcha
 27377 | D:13     | Reached XP level 15. HP: 102/118 MP: 21/23
 27490 | D:13     | Received a gift from Yredelemnul (a vampire knight)
 27603 | D:13     | Found a shimmering altar of Xom.
 27672 | D:13     | Found a portal to a secret trove of treasure.
 27777 | D:13     | Found a bloodstained altar of Trog.
 27906 | D:14     | Reached ****** piety under Yredelemnul
 27910 | D:14     | Found Meuq Huk's Food Boutique.
 27914 | D:14     | Received a gift from Yredelemnul (a flayed ghost)
 27940 | D:14     | Learned a level 1 spell: Confusing Touch
 28061 | D:14     | Received a gift from Yredelemnul (a skeletal warrior)
 28096 | D:14     | Found a transporter.
 28096 | D:14     | Found a transporter.
 28097 | D:14     | Noticed flidderman's ghost (journeyman TrMo)
 28507 | D:14     | Found a gate to the Vaults.
 28713 | D:15     | Entered Level 15 of the Dungeon
 28723 | D:15     | Reached skill level 12 in Fighting
 28730 | D:15     | Received a gift from Yredelemnul (a phantasmal warrior)
 28747 | D:15     | Identified Roxanne's Collected Works on Clay
 28747 | D:15     | Noticed Roxanne
 28762 | D:15     | Killed Roxanne
 29395 | D:15     | Received a gift from Yredelemnul (a phantasmal warrior)
 29450 | D:15     | Found a staircase to the Depths.
 29543 | D:15     | Found Zanoegue's Food Emporium.
 30067 | Swamp:1  | Entered Level 1 of the Swamp
 30128 | Swamp:1  | Noticed Louise
 30140 | Swamp:1  | Killed Louise
 30377 | Swamp:1  | Received a gift from Yredelemnul (a skeletal warrior)
 30406 | Swamp:1  | Reached skill level 13 in Fighting
 30960 | Swamp:1  | Reached XP level 16. HP: 121/131 MP: 25/25
 30960 | Swamp:1  | Received a gift from Yredelemnul (a flayed ghost)
 31409 | Swamp:2  | Identified the +3 robe "Put-Me-On" {rC- MR+ rCorr}
 32479 | Swamp:2  | Received a gift from Yredelemnul (a profane servitor)
 32490 | Swamp:2  | Noticed a thorn hunter
 32504 | Swamp:2  | Killed a thorn hunter
 32879 | Swamp:3  | Reached skill level 5 in Evocations
 33000 | Swamp:3  | Noticed Aizul
 33015 | Swamp:3  | Killed Aizul
 33031 | Swamp:3  | Received a gift from Yredelemnul (a ghoul)
 33139 | Swamp:3  | Found the ring of the Mage {Wiz MR++ Int+3}
 33157 | Swamp:3  | Received a gift from Yredelemnul (a ghoul)
 33296 | Swamp:3  | Reached skill level 14 in Fighting
 33768 | Swamp:4  | Entered Level 4 of the Swamp
 33816 | Swamp:4  | Reached skill level 15 in Dodging
 33839 | Swamp:4  | Received a gift from Yredelemnul (a flayed ghost)
 33850 | Swamp:4  | Noticed a thorn hunter
 33858 | Swamp:4  | Noticed a thorn hunter
 33862 | Swamp:4  | Killed a thorn hunter
 33874 | Swamp:4  | Killed a thorn hunter
 33880 | Swamp:4  | Received a gift from Yredelemnul (a phantasmal warrior)
 33880 | Swamp:4  | Received a gift from Yredelemnul (a bone dragon)
 33882 | Swamp:4  | Noticed Nikola
 33896 | Swamp:4  | Killed Nikola
 33940 | Swamp:4  | Got a decaying rune of Zot
 34789 | Lair:6   | Received a gift from Yredelemnul (a vampire)
 34800 | Lair:6   | Killed Ekhor's ghost
 34922 | Lair:3   | Killed Viasus's ghost
 34924 | Lair:3   | Reached XP level 17. HP: 120/140 MP: 24/27
 34926 | Lair:3   | Received a gift from Yredelemnul (a skeletal warrior)
 35247 | D:14     | Killed flidderman's ghost
 35548 | Spider:1 | Entered Level 1 of the Spider Nest
 35567 | Spider:1 | Reached skill level 15 in Fighting
 36021 | Spider:1 | Received a gift from Yredelemnul (a phantasmal warrior)
 36318 | Spider:1 | Received a gift from Yredelemnul (a phantasmal warrior)
 36669 | Spider:2 | Received a gift from Yredelemnul (a ghoul)
 36862 | Spider:2 | Noticed Arachne
 36873 | Spider:2 | Killed Arachne
 37106 | Spider:2 | Reached skill level 16 in Fighting
 37257 | Spider:2 | Received a gift from Yredelemnul (a vampire knight)
 37502 | Spider:3 | Received a gift from Yredelemnul (a profane servitor)
 37625 | Spider:3 | Received a gift from Yredelemnul (a skeletal warrior)
 38550 | Spider:4 | Entered Level 4 of the Spider Nest
 38582 | Spider:4 | Received a gift from Yredelemnul (a vampire)
 38595 | Spider:4 | Got a steaming bronze ring
 38603 | Spider:4 | Identified the ring "Ruipeyrch" {Wiz Str+3} (You found it
                  | on level 4 of the Spider Nest)
 38696 | Spider:4 | Reached XP level 18. HP: 153/153 MP: 28/28
 38751 | Spider:4 | Received a gift from Yredelemnul (a skeletal warrior)
 38773 | Spider:4 | Reached skill level 17 in Fighting
 38790 | Spider:4 | Received a gift from Yredelemnul (a ghoul)
 38991 | Spider:4 | Received a gift from Yredelemnul (a flayed ghost)
 39230 | Spider:4 | Got a gossamer rune of Zot
 39782 | Vaults:1 | Entered Level 1 of the Vaults
 39874 | Vaults:1 | Found Ummur's Distillery.
 39887 | Vaults:1 | Bought a potion of curing for 66 gold pieces
 39955 | Vaults:1 | Found Bitrij's Distillery.
 39963 | Vaults:1 | Bought a potion of heal wounds for 75 gold pieces
 39963 | Vaults:1 | Bought a potion of haste for 150 gold pieces
 39963 | Vaults:1 | Bought a potion of haste for 150 gold pieces
 40027 | Vaults:1 | Received a gift from Yredelemnul (a flayed ghost)
 40146 | Vaults:1 | Found Yffu's Antique Weapon Emporium.
 40189 | Vaults:1 | Received a gift from Yredelemnul (a flayed ghost)
 40368 | Vaults:1 | Found Woqaad's Book Shoppe.
 40388 | Vaults:1 | Received a gift from Yredelemnul (a skeletal warrior)
 40388 | Vaults:1 | Reached skill level 18 in Fighting
 40422 | Vaults:1 | Reached skill level 15 in Invocations
 40857 | Vaults:1 | Upgraded the game from 0.24-a0-585-g5c5dc1b5cb to
                  | 0.24-a0-586-g8e0e932a4c
 41187 | Vaults:1 | Found Tyne's General Store.
 41224 | Vaults:1 | Bought a scroll of enchant weapon for 165 gold pieces
 41419 | Vaults:2 | Received a gift from Yredelemnul (a phantasmal warrior)
 41464 | Vaults:2 | Noticed Sojobo
 41473 | Vaults:2 | Killed Sojobo
 41473 | Vaults:2 | Reached XP level 19. HP: 123/164 MP: 13/30
 41489 | Vaults:2 | Received a gift from Yredelemnul (a vampire)
 41730 | Vaults:2 | Received a gift from Yredelemnul (a flayed ghost)
 41853 | Vaults:2 | Noticed Margery
 41864 | Vaults:2 | Killed Margery
 41864 | Vaults:2 | Enslaved Margery
 42086 | Vaults:2 | Received a gift from Yredelemnul (a phantasmal warrior)
 42122 | Vaults:2 | Noticed Mara
 42127 | Vaults:2 | Noticed Masnef's illusion
 42131 | Vaults:2 | Killed Mara
 42163 | Vaults:2 | Got a twitching amber ring
 42164 | Vaults:2 | Identified the ring "Erur" {rElec Int+5 Slay+2} (You found
                  | it on level 2 of the Vaults)
 42531 | Vaults:2 | Found a runed translucent door.
 42531 | Vaults:2 | Noticed Ecatez's ghost (adept HOMo)
 42544 | Vaults:2 | Killed Ecatez's ghost
 42982 | Vaults:3 | Reached skill level 19 in Fighting
 43138 | Vaults:3 | Received a gift from Yredelemnul (a flayed ghost)
 43306 | Vaults:3 | Received a gift from Yredelemnul (a skeletal warrior)
 43317 | Vaults:3 | Found a staircase to the Crypt.
 43432 | Vaults:3 | Found Ysujes's Distillery.
 43557 | Vaults:3 | Reached skill level 5 in Armour
 43904 | Vaults:3 | Received a gift from Yredelemnul (a vampire)
 44286 | Vaults:4 | Reached XP level 20. HP: 166/174 MP: 32/32
 44496 | Vaults:4 | Received a gift from Yredelemnul (a ghoul)
 44732 | Vaults:4 | Received a gift from Yredelemnul (a phantasmal warrior)
 45162 | Vaults:4 | Received a gift from Yredelemnul (a ghoul)
 45391 | Vaults:4 | Learned a level 1 spell: Summon Butterflies
 45755 | Elf:1    | Entered Level 1 of the Elven Halls
 45775 | Elf:1    | Identified the cursed +0 ring mail "Jigo" {Dex+6} (You
                  | found it on level 1 of the Elven Halls)
 45892 | Elf:1    | Reached skill level 1 in Summonings
 46061 | Elf:1    | Found Weimax's Jewellery Emporium.
 46066 | Elf:1    | Found Kaukh's Assorted Antiques.
 46085 | Elf:1    | Bought a potion of agility for 128 gold pieces
 46085 | Elf:1    | Bought a scroll of teleportation for 96 gold pieces
 46085 | Elf:1    | Bought a scroll of identify for 64 gold pieces
 46114 | Elf:1    | Received a gift from Yredelemnul (a vampire knight)
 46902 | Elf:2    | Found a runed translucent gate.
 46902 | Elf:2    | Found a runed translucent gate.
 46902 | Elf:2    | Found a runed translucent gate.
 47020 | Elf:2    | Received a gift from Yredelemnul (a vampire knight)
 47612 | Elf:3    | Entered Level 3 of the Elven Halls
 47710 | Elf:3    | Reached skill level 20 in Fighting
 48177 | Elf:3    | Received a gift from Yredelemnul (a flayed ghost)
 48226 | Elf:3    | Reached XP level 21. HP: 183/183 MP: 24/34
 48233 | Elf:3    | Your ally Margery died
 48263 | Elf:3    | Received a gift from Yredelemnul (a skeletal warrior)
 48263 | Elf:3    | Received a gift from Yredelemnul (a skeletal warrior)
 48534 | Elf:3    | Identified the +1 chain mail of Nowkih {Int+4 Stlth-}
 48664 | Elf:3    | Received a gift from Yredelemnul (a vampire)
 48672 | Elf:3    | Found the +4 dagger "Morg" {pain, MR+ Int+5}
 48758 | Elf:3    | Learned a level 2 spell: Swiftness
 48765 | Elf:3    | Identified the +10 halberd of Destiny {chop, rPois rF+
                  | Int-2} (You found it on level 3 of the Elven Halls)
 48779 | Elf:3    | Identified the ring of Xom's Wantonness {+Fly rC+ Str+2}
                  | (You found it on level 3 of the Elven Halls)
 49147 | Elf:3    | Learned a level 5 spell: Alistair's Intoxication
 49389 | Depths:1 | Entered Level 1 of the Depths
 49650 | Depths:1 | Found a gateway to Hell.
 49670 | Depths:1 | Reached skill level 1 in Charms
 49672 | Depths:1 | Reached skill level 1 in Transmutations
 49856 | Depths:1 | Received a gift from Yredelemnul (a profane servitor)
 50029 | Depths:1 | Reached skill level 1 in Poison Magic
 50076 | Depths:1 | Received a gift from Yredelemnul (a flayed ghost)
 50745 | Depths:2 | Received a gift from Yredelemnul (a bone dragon)
 50937 | Depths:1 | Received a gift from Yredelemnul (a flayed ghost)
 51115 | Depths:2 | Found a runed translucent gate.
 51116 | Depths:2 | Found a runed translucent gate.
 51118 | Depths:2 | Found a runed translucent gate.
 51119 | Depths:2 | Noticed Sadgh's ghost (veteran HOGl)
 51229 | Depths:2 | Received a gift from Yredelemnul (a vampire knight)
 52314 | Depths:3 | Received a gift from Yredelemnul (a skeletal warrior)
 52418 | Depths:3 | Found a gateway to a ziggurat.
 52642 | Depths:3 | Reached XP level 22. HP: 192/192 MP: 35/35
 52732 | Depths:3 | Reached skill level 5 in Transmutations
 52914 | Depths:3 | Found a one-way gate leading to the halls of Pandemonium.
 53015 | Depths:3 | Received a gift from Yredelemnul (a bone dragon)
 53480 | Depths:3 | Paralysed by a great orb of eyes for 4 turns
 53482 | Depths:3 | Reached skill level 21 in Fighting
 54028 | Depths:3 | Got a wavering turquoise ring
 54029 | Depths:3 | Identified the ring of Xuhyazeti {rPois MR+ MP+9} (You
                  | found it on level 3 of the Depths)
 54071 | Depths:3 | Noticed a juggernaut
 54086 | Depths:3 | Killed a juggernaut
 54086 | Depths:3 | Enslaved a juggernaut
 54577 | Depths:4 | Received a gift from Yredelemnul (a flayed ghost)
 54628 | Depths:4 | Noticed a golden dragon
 54651 | Depths:4 | Noticed a golden dragon
 54662 | Depths:4 | Killed a golden dragon
 54662 | Depths:4 | Received a gift from Yredelemnul (a flayed ghost)
 54920 | Depths:4 | Paralysed by a sphinx for 5 turns
 55035 | Depths:4 | Killed a golden dragon
 55188 | Depths:4 | Noticed a caustic shrike
 55208 | Depths:4 | Killed a caustic shrike
 55208 | Depths:4 | Reached XP level 23. HP: 189/201 MP: 37/37
 55349 | Depths:4 | Received a gift from Yredelemnul (a bone dragon)
 55351 | Depths:4 | Noticed a caustic shrike
 55358 | Depths:4 | Killed a caustic shrike
 55453 | Depths:4 | Noticed a juggernaut
 55461 | Depths:4 | Killed a juggernaut
 55607 | Depths:4 | Reached skill level 22 in Fighting
 55637 | Depths:4 | Noticed a golden dragon
 55650 | Depths:4 | Killed a golden dragon
 55687 | Depths:4 | Received a gift from Yredelemnul (a skeletal warrior)
 56365 | Depths:4 | Noticed a caustic shrike
 56418 | Depths:4 | Killed a caustic shrike
 57052 | Depths:4 | Found a one-way gate to the infinite horrors of the Abyss.
 57173 | Depths:4 | Found a runed translucent door.
 57173 | Depths:4 | Found a runed translucent door.
 57173 | Depths:4 | Noticed a juggernaut
 57178 | Depths:4 | Found a runed translucent door.
 57192 | Depths:4 | Reached skill level 1 in Stealth
 57966 | Depths:4 | Received a gift from Yredelemnul (a phantasmal warrior)
 58385 | Depths:4 | Found the +5 robe of Misfortune {*Contam Harm *Corrode
                  | *Drain *Slow EV+5}
 58588 | Depths:2 | Reached skill level 5 in Stealth
 58709 | Depths:2 | Killed Sadgh's ghost
 59749 | Depths:4 | Killed a juggernaut
 59749 | Depths:4 | Enslaved a juggernaut
 59833 | Depths:5 | Entered Level 5 of the Depths
 59833 | Depths:5 | Noticed a golden dragon
 59970 | Depths:4 | Reached XP level 24. HP: 157/212 MP: 38/38
 60461 | Depths:5 | Identified the +7 falchion "Beastslayer" {drain, rPois MR-
                  | Int-2 Stlth+} (You found it on level 5 of the Depths)
 60508 | Depths:5 | Received a gift from Yredelemnul (a ghoul)
 60765 | Depths:5 | Found a gate to the Realm of Zot.
 60883 | Depths:5 | Reached skill level 10 in Stealth
 61284 | Depths:5 | Identified the +1 robe of Unyashris {*Drain Dex+6} (You
                  | found it on level 5 of the Depths)
 61382 | Depths:5 | Found Idweirch's Jewellery Shoppe.
 62303 | Orc:2    | Bought a potion of haste for 170 gold pieces
 62303 | Orc:2    | Bought a potion of heal wounds for 85 gold pieces
 62303 | Orc:2    | Bought a potion of resistance for 170 gold pieces
 62303 | Orc:2    | Bought a potion of haste for 170 gold pieces
 62303 | Orc:2    | Bought a potion of curing for 51 gold pieces
 62303 | Orc:2    | Bought a potion of might for 68 gold pieces
 62303 | Orc:2    | Bought a potion of curing for 51 gold pieces
 62592 | Vaults:3 | Bought a potion of cancellation for 176 gold pieces
 62592 | Vaults:3 | Bought a potion of cancellation for 176 gold pieces
 63078 | Depths:4 | Voluntarily entered the Abyss.
 63237 | Abyss:1  | Found a shimmering altar of Xom.
 63237 | Abyss:1  | Found a shimmering altar of Xom.
 63237 | Abyss:1  | Found a shimmering altar of Xom.
 63237 | Abyss:1  | Found a shimmering altar of Xom.
 63238 | Abyss:1  | Found a shimmering altar of Xom.
 63239 | Abyss:1  | Found a corrupted altar of Lugonu.
 63239 | Abyss:1  | Found a shimmering altar of Xom.
 63240 | Abyss:1  | Found a shimmering altar of Xom.
 63241 | Abyss:1  | Found a shimmering altar of Xom.
 63242 | Abyss:1  | Found a shimmering altar of Xom.
 63243 | Abyss:1  | Found a shimmering altar of Xom.
 63243 | Abyss:1  | Found a shimmering altar of Xom.
 63243 | Abyss:1  | Found a shimmering altar of Xom.
 63348 | Abyss:1  | Received a gift from Yredelemnul (a skeletal warrior)
 63621 | Abyss:1  | Received a gift from Yredelemnul (a ghoul)
 63793 | Abyss:2  | Received a gift from Yredelemnul (a vampire)
 63980 | Abyss:2  | Got a steaming buckler
 63981 | Abyss:2  | Identified the +0 buckler of the Monk {Regen+ Dex+4 SInv
                  | Stlth-} (You found it on level 2 of the Abyss)
 64337 | Abyss:2  | Gained mutation: You are occasionally teleported next to
                  | monsters. [a neqoxec]
 64342 | Abyss:2  | Gained mutation: You are clumsy. (Dex -2) [a neqoxec]
 64407 | Abyss:2  | Reached skill level 5 in Poison Magic
 64407 | Abyss:2  | Received a gift from Yredelemnul (a vampire)
 64708 | Abyss:2  | Received a gift from Yredelemnul (a vampire knight)
 64723 | Abyss:2  | Paralysed by accursed screaming for 1 turns
 64888 | Abyss:2  | Found a corrupted altar of Lugonu.
 65181 | Abyss:2  | Gained mutation: You are very clumsy. (Dex -4) [a
                  | cacodemon]
 65194 | Abyss:2  | Reached skill level 10 in Armour
 65200 | Abyss:2  | Found a corrupted altar of Lugonu.
 65257 | Abyss:2  | Found a transporter.
 65315 | Abyss:2  | Found a corrupted altar of Lugonu.
 65775 | Abyss:2  | Received a gift from Yredelemnul (a skeletal warrior)
 65964 | Abyss:2  | Reached skill level 23 in Fighting
 65968 | Abyss:2  | Reached XP level 25. HP: 188/221 MP: 38/38
 66073 | Abyss:2  | Received a gift from Yredelemnul (a vampire knight)
 66753 | Abyss:3  | Got a spiked leather armour
 66754 | Abyss:3  | Identified the +1 leather armour "Abopomur" {Regen+ MP+9
                  | Int+3} (You found it on level 3 of the Abyss)
 66788 | Abyss:3  | Received a gift from Yredelemnul (a phantasmal warrior)
 67297 | Abyss:3  | Received a gift from Yredelemnul (a vampire knight)
 67422 | Abyss:3  | Received a gift from Yredelemnul (a phantasmal warrior)
 67471 | Abyss:3  | Received a gift from Yredelemnul (a vampire)
 67769 | Abyss:3  | Received a gift from Yredelemnul (a phantasmal warrior)
 67824 | Abyss:3  | Gained mutation: Your muscles are strong. (Str +2) [a
                  | neqoxec]
 67829 | Abyss:3  | Gained mutation: Your natural rate of healing is unusually
                  | fast. [a neqoxec]
 67830 | Abyss:3  | Reached skill level 24 in Fighting
 68063 | Abyss:3  | Received a gift from Yredelemnul (a profane servitor)
 68236 | Abyss:3  | Received a gift from Yredelemnul (a vampire)
 68280 | Abyss:3  | Received a gift from Yredelemnul (a bone dragon)
 68441 | Abyss:3  | Received a gift from Yredelemnul (a profane servitor)
 68470 | Abyss:3  | Found a corrupted altar of Lugonu.
 68639 | Abyss:3  | Received a gift from Yredelemnul (a flayed ghost)
 68731 | Abyss:3  | Received a gift from Yredelemnul (a ghoul)
 68949 | Abyss:4  | Found a corrupted altar of Lugonu.
 69617 | Abyss:4  | Received a gift from Yredelemnul (a flayed ghost)
 69644 | Abyss:4  | Gained mutation: Scrolls take you a little longer to read.
                  | [a neqoxec]
 69771 | Abyss:4  | Received a gift from Yredelemnul (a ghoul)
 69862 | Abyss:4  | Got an abyssal rune of Zot
 70070 | Abyss:4  | Reached skill level 25 in Fighting
 70138 | Abyss:4  | Received a gift from Yredelemnul (a ghoul)
 70462 | Depths:4 | Escaped the Abyss
 70487 | Depths:4 | Lost mutation: Your natural rate of healing is unusually
                  | fast. [potion of mutation]
 70487 | Depths:4 | Lost mutation: You are very clumsy. (Dex -4) [potion of
                  | mutation]
 70487 | Depths:4 | Lost mutation: Scrolls take you a little longer to read.
                  | [potion of mutation]
 70487 | Depths:4 | Gained mutation: Scrolls take you a little longer to read.
                  | [potion of mutation]
 70487 | Depths:4 | Gained mutation: Your muscles are very strong. (Str +4)
                  | [potion of mutation]
 70488 | Depths:4 | Lost mutation: Scrolls take you a little longer to read.
                  | [potion of mutation]
 70488 | Depths:4 | Lost mutation: Your muscles are very strong. (Str +4)
                  | [potion of mutation]
 70488 | Depths:4 | Lost mutation: You are clumsy. (Dex -2) [potion of
                  | mutation]
 70488 | Depths:4 | Gained mutation: You are agile. (Dex +2) [potion of
                  | mutation]
 70488 | Depths:4 | Gained mutation: You are partially covered in molten
                  | scales. (AC +2) [potion of mutation]
 70489 | Depths:4 | Lost mutation: Your muscles are strong. (Str +2) [potion of
                  | mutation]
 70489 | Depths:4 | Lost mutation: You are partially covered in molten scales.
                  | (AC +2) [potion of mutation]
 70489 | Depths:4 | Lost mutation: You are agile. (Dex +2) [potion of mutation]
 70489 | Depths:4 | Gained mutation: Your mind is acute. (Int +2) [potion of
                  | mutation]
 70489 | Depths:4 | Gained mutation: You are clumsy. (Dex -2) [potion of
                  | mutation]
 70489 | Depths:4 | Gained mutation: Your muscles are strong. (Str +2) [potion
                  | of mutation]
 70490 | Depths:4 | Lost mutation: You are occasionally teleported next to
                  | monsters. [potion of mutation]
 70490 | Depths:4 | Lost mutation: Your mind is acute. (Int +2) [potion of
                  | mutation]
 70490 | Depths:4 | Lost mutation: You are clumsy. (Dex -2) [potion of
                  | mutation]
 70490 | Depths:4 | Gained mutation: Your magical capacity is low. (-10% MP)
                  | [potion of mutation]
 70490 | Depths:4 | Gained mutation: You are clumsy. (Dex -2) [potion of
                  | mutation]
 70490 | Depths:4 | Gained mutation: You are dopey. (Int -2) [potion of
                  | mutation]
 70490 | Depths:4 | Gained mutation: You possess an exceptional clarity of
                  | mind. [potion of mutation]
 70755 | D:13     | You showed the abyssal rune of Zot to enter a treasure
                  | trove
 70756 | Trove    | Entered a treasure trove
 70761 | Trove    | Got a sparkling iron ring
 70763 | Trove    | Got a slimy brass amulet
 70765 | Trove    | Got a crude bronze amulet
 70767 | Trove    | Got a scintillating graven amulet
 70773 | Trove    | Got a slimy ivory ring
 70779 | Trove    | Got a steaming copper ring
 70783 | Trove    | Got a crude steel amulet
 70787 | Trove    | Got a steaming diamond amulet
 70789 | Trove    | Got a translucent steel amulet
 70805 | D:13     | Identified the ring "Pauhut" {+Fly rElec rPois rC- SInv}
                  | (You found it in a treasure trove)
 70806 | D:13     | Identified the amulet "Hybroppi" {Gourm rPois rF+ rN+++
                  | Str-2} (You found it in a treasure trove)
 70807 | D:13     | Identified the amulet of Altruism {Gourm Int+2} (You found
                  | it in a treasure trove)
 70808 | D:13     | Identified the amulet "Gutoizept" {RegenMP MR+} (You found
                  | it in a treasure trove)
 70809 | D:13     | Identified the amulet of Aruynime {RegenMP Slay+3 SInv}
                  | (You found it in a treasure trove)
 70810 | D:13     | Identified the amulet "Otaeskeg" {RegenMP rC+ MR+ Slay+3}
                  | (You found it in a treasure trove)
 70811 | D:13     | Identified the amulet of Lucidity {Gourm Str+5 Int+6
                  | Stlth-} (You found it in a treasure trove)
 70812 | D:13     | Identified the ring "Giadazoe" {+Fly rPois Str-3 Dex-2
                  | Stlth+} (You found it in a treasure trove)
 70819 | D:13     | Identified the ring of the Hippo {rPois rC+ Str+2} (You
                  | found it in a treasure trove)
 71125 | Vaults:5 | Entered Level 5 of the Vaults
 71128 | Vaults:5 | Reached XP level 26. HP: 152/232 MP: 29/34
 71128 | Vaults:5 | Received a gift from Yredelemnul (a vampire knight)
 71144 | Vaults:5 | Received a gift from Yredelemnul (a flayed ghost)
 71186 | Vaults:5 | Received a gift from Yredelemnul (a vampire)
 71774 | Vaults:5 | Received a gift from Yredelemnul (a skeletal warrior)
 72015 | Vaults:5 | Learned a level 1 spell: Apportation
 72018 | Vaults:5 | Learned a level 2 spell: Blink
 72506 | Orc:2    | Bought a manual of Translocations for 1987 gold pieces
 72509 | Orc:2    | Bought a potion of curing for 51 gold pieces
 72509 | Orc:2    | Bought a potion of might for 68 gold pieces
 72847 | Vaults:5 | Noticed an ancient lich
 72908 | Vaults:5 | Killed from afar by a Hell Sentinel

Levels and vault maps discovered:
D:1:      dpeg_arrival_chase, layout_basic, minmay_lizard_pond
D:2:      layout_rooms, first_ration
D:3:      layout_basic, ebering_ghost_disaster_area, roderic_lattice_a,
          dk_noncrumbling_4, uniq_crazy_yiuf_cottage
D:4:      layout_loops_cross, minmay_temple_entry_stoned_glass, grunt_tough_drop
D:5:      layout_cave_pools, minivault_14, st_stairs_9, nrook_uturn,
          uniq_duvessa, uniq_prince_ribbit1
D:6:      layout_rooms, nicolae_overflow_crystal_walls, uniq_pikel
D:7:      layout_basic, serial_shops,
          nicolae_shop_temple_entry_statues_fountains, tgw_xom
D:8:      layout_basic, dpeg_lair_monsters, david_nohive_1, st_stairs_13,
          guppyfry_early_elven_hall, uniq_erica
D:9:      layout_cave_pools, basic_altar
D:10:     layout_grid_maze, zombieorc2_lemuel, minivault_4
D:11:     layout_roguey, minivault_16, lemuel_mausoleum_altar_yredelemnul
D:12:     kennysheep_kobold_lugonu_temple, layout_loops_ring, serial_shops,
          nicolae_shop_overgrown_old_shop, shop, shop, uniq_josephine
D:13:     layout_cave_pools, basic_altar, nicolae_trove_entry_crystal,
          trog_wizard, uniq_erolcha
D:14:     layout_cave_pools, hangedman_vaults_entry_quadrant_bands,
          gammafunk_ghost_hive, serial_shops, shop
D:15:     hangedman_depths_entry_try_elsewhere_first, layout_stronghold,
          serial_shops, shop, uniq_roxanne
Temple:   kilobyte_greek_temple
Lair:1:   layout_hall_layers, kennysheep_rathole
Lair:2:   layout_small_grid
Lair:3:   layout_cave_shapes, gammafunk_ghost_wrathful_warriors, minivault_27
Lair:4:   layout_gridlike, minmay_swamp_entry_swarm,
          spider_nest_entry_funnel_web, kennysheep_abandoned_house,
          lemuel_fruit_tree
Lair:5:   layout_hall_layers, portal_ice_cave_entry_pillars_2,
          beast_lair_carwin_8
Lair:6:   grunt_lair_end_beastmaster, layout_small_grid, slime_altar_1,
          gammafunk_ghost_ooze, kennysheep_basilisk_garden, grunt_megastairs_2
Swamp:1:  layout_basic_swamp, serial_swamp_ruin, evilmike_swamp_ruin_house_1,
          hangedman_swamp_ruin_hall, swamp_pool3, infiniplex_staircase_pool,
          uniq_louise
Swamp:2:  layout_falls_marsh, hangedman_swamp_cone
Swamp:3:  layout_basic_swamp, evilmike_swamp_ruin_rubble_1, uniq_aizul
Swamp:4:  swamp_alternative, layout_basic_swamp, uniq_nikola
Spider:1: layout_spider_delve, nicolae_spider_shape
Spider:2: layout_spider_delve, special_room [special_room_bee],
          guppyfry_spider_mini_1, uniq_arachne
Spider:3: layout_chambers
Spider:4: johnstein_spider_rune_arachne_lair, hangedman_spider_mandibles
Orc:1:    layout_caves, serial_shops, shop_statue, gammafunk_ghost_split,
          minmay_orc_temple_c
Orc:2:    st_orc_rangers, layout_caves, gauntlet_entry_generic, mines2_david,
          uniq_jorgrun, uniq_nessos, uniq_rupert, uniq_donald
Elf:1:    layout_loops_cross, hangedman_elf_disciples, minmay_shop_star
Elf:2:    layout_geoelf_octagon, st_stairs_7
Elf:3:    minmay_elf_hall_four_x, layout_geoelf_octagon, grunt_ministairs_1,
          hangedman_elven_pyramids
Vaults:1: hangedman_vaults_capsules, ontoclasm_vaults_fault, st_quartered_hall,
          hangedman_vaults_snaps, vaults_mumra_chevron_long,
          hangedman_vaults_slice, v_misc_4, nicolae_vaults_bisected_exclaves,
          ontoclasm_vaults_loading_screen, layout_vaults_chaotic_city,
          serial_shops, shop, shop, shop, shop, shop
Vaults:2: ebering_vaults_ghost_inner_flame, v_misc_8,
          nicolae_vaults_ninety_degrees, hangedman_vaults_nails,
          nicolae_vaults_minivaults, vaults_dpeg_doors,
          ontoclasm_vaults_ring_square, vaults_dpeg_ring, v_misc_16,
          vaults_dpeg_spiral, v_misc_24, nicolae_vaults_asterisk,
          layout_vaults_ring, uniq_margery, uniq_mara, uniq_sojobo
Vaults:3: hangedman_vaults_maws, minmay_crypt_entry_simple_box, v_misc_17,
          hangedman_vaults_river_flow, vaults_mumra_minichess_inversion,
          ontoclasm_vaults_claustrophobia, v_misc_11, grunt_vaults_hallway_long,
          ontoclasm_vaults_hangar, v_misc_24, ontoclasm_vaults_ring_small,
          v_pattern_3, nicolae_vaults_little_squares_1,
          vaults_dpeg_encased_lava, grunt_vaults_funnel,
          layout_vaults_omnicross, serial_shops, shop
Vaults:4: v_misc_13, v_misc_30, v_alt_pattern_2,
          nicolae_vaults_little_squares_3, vaults_mumra_hexcomb,
          ontoclasm_vaults_shuriken, layout_vaults_omnigrid
Vaults:5
Depths:1: layout_gridville, hell_entry, wad_floor_pattern_2,
          minmay_tree_intersection, abandoned_shop,
          hangedman_decor_diamond_cutter, minmay_fire_ice_demons
Depths:2: grunt_twist_and_shout, layout_cave_pools, chequers_hall_statues_y,
          hell_entry, gammafunk_ghost_split
Depths:3: minmay_spiral_squares, layout_cave_shapes, enter_ziggurat_e,
          pan_entry, roderic_serpentine_path, hell_entry,
          minmay_staircase_windowed_large
Depths:4: minmay_the_grid_ultimate [minmay_the_grid_prize_shrinking_boxes,
          minmay_the_grid_prize_big_room, minmay_the_grid_prize_four_corners,
          minmay_the_grid_prize_diamond_cup, minmay_the_grid_square_5x5_n_small,
          minmay_the_grid_square_5x5_spiral,
          minmay_the_grid_square_5x5_hourglass,
          minmay_the_grid_square_5x5_two_walls_a,
          minmay_the_grid_square_5x5_bracketed,
          minmay_the_grid_square_5x5_tri_point,
          minmay_the_grid_square_5x5_empty, minmay_the_grid_square_5x5_minimal,
          minmay_the_grid_square_5x5_shrine2, minmay_the_grid_square_5x5_two,
          minmay_the_grid_square_5x5_half_checkered,
          minmay_the_grid_square_5x5_percent, minmay_the_grid_square_5x5_mess,
          minmay_the_grid_square_5x5_fat_x, minmay_the_grid_square_5x5_v,
          minmay_the_grid_triangle_9x9_pentomino_pain,
          minmay_the_grid_triangle_9x9_wacky_v,
          minmay_the_grid_triangle_9x9_semitri,
          minmay_the_grid_triangle_9x9_negative_grid,
          minmay_the_grid_triangle_9x9_limited_checkers,
          minmay_the_grid_triangle_9x9_longest,
          minmay_the_grid_triangle_9x9_dagger,
          minmay_the_grid_triangle_9x9_checkered,
          minmay_the_grid_triangle_9x9_corrupted_corridor,
          minmay_the_grid_triangle_9x9_empty,
          minmay_the_grid_triangle_9x9_tough_junction,
          minmay_the_grid_triangle_9x9_warning,
          minmay_the_grid_triangle_9x9_subtriangle,
          minmay_the_grid_triangle_9x9_sprig,
          minmay_the_grid_triangle_9x9_corruption,
          minmay_the_grid_triangle_9x9_skeleton,
          minmay_the_grid_square_5x5_shuriken, minmay_the_grid_octo_empty,
          minmay_the_grid_octo_77, minmay_the_grid_octo_checkerflower,
          minmay_the_grid_octo_thin_diamonds, minmay_the_grid_octo_pinwheel,
          minmay_the_grid_octo_fan_narrow, minmay_the_grid_octo_clover,
          minmay_the_grid_octo_horde, minmay_the_grid_tiny_cups,
          minmay_the_grid_box_x, minmay_the_grid_x,
          minmay_the_grid_outer_circle], pan_entry, hell_entry, abyss_entry
Depths:5: grunt_x_marks_the_spot, layout_cave_shapes, serial_shops, shop,
          grunt_decor_clamped, hell_entry

Skill      XL: |  1  2  3  4  5  6  7  8  9 10 11 12 13 14 15 16 17 18 19 20 21 22 23 24 25 26 |
---------------+-------------------------------------------------------------------------------+-----
Polearms       | 5 6 7 8 9 11 12 14 | 14.1
Dodging        | 5 6 7 9 10 11 12 13 14 15 17 18 19 20 21 | 21.1
Shields        | 1 2 3 5 7 9 11 13 15 | 15.0
Fighting       | 4 6 8 9 10 11 13 14 16 18 19 20 21 22 23 25 | 25.7
Invocations    | 2 4 5 6 8 11 12 13 14 15 17 18 19 21 22 23 | 23.5
Armour         | 3 4 5 6 7 8 10 11 | 11.1
Spellcasting   | 1 2 3 |  3.0
Hexes          | 2 4 |  4.0
Evocations     | 1 2 4 6 7 |  7.0
Summonings     | 2 |  2.0
Charms         | 3 |  3.0
Transmutations | 4 5 8 9 |  9.0
Poison Magic   | 3 5 6 |  6.0
Stealth        | 8 10 | 10.0
Throwing       | |  2.0

Action                   |  1- 3 |  4- 6 |  7- 9 | 10-12 | 13-15 | 16-18 | 19-21 | 22-24 | 25-27 || total
-------------------------+-------+-------+-------+-------+-------+-------+-------+-------+-------++-------
Melee: Trident           |    15 |       |       |   344 |   408 |       |     4 |    11 |       ||   782
       Spear             |    69 |   151 |   449 |  1206 |   703 |     7 |       |       |       ||  2585
       Tailslap          |       |       |     6 |     1 |    38 |    34 |    27 |    38 |    22 ||   166
       Demon trident     |       |       |       |       |   696 |  1369 |  1480 |  2362 |  1619 ||  7526
Throw: Throwing net      |     1 |       |       |     1 |       |       |       |       |       ||     2
 Cast: Corona            |       |       |       |       |     1 |       |       |       |       ||     1
       Confusing Touch   |       |       |       |       |     1 |    10 |     3 |    49 |     7 ||    70
       Alistair's Intoxi |       |       |       |       |       |       |       |       |     1 ||     1
Invok: Animate Remains   |       |       |     5 |    13 |       |       |       |       |       ||    18
       Recall Undead Sla |       |       |       |     8 |    27 |     9 |    15 |    21 |     9 ||    89
       Injury Mirror     |       |       |       |     2 |       |     4 |     3 |     1 |       ||    10
       Animate Dead      |       |       |       |    25 |    75 |    59 |    71 |    70 |    27 ||   327
       Drain Life        |       |       |       |       |     6 |     4 |    11 |    13 |     9 ||    43
       Enslave Soul      |       |       |       |       |     1 |       |     2 |     3 |     1 ||     7
Evoke: Wand              |       |       |     3 |    10 |    12 |     2 |     2 |     8 |       ||    37
       Lamp of fire      |       |       |       |       |       |       |     1 |       |       ||     1
       Box of beasts     |       |       |       |       |       |       |       |       |     1 ||     1
  Use: Scroll            |       |       |    10 |    13 |    15 |    11 |    10 |    19 |    33 ||   111
       Potion            |       |       |     1 |     5 |     4 |       |       |    14 |    28 ||    52
 Stab: Sleeping          |     1 |     6 |     3 |     4 |     2 |     9 |     9 |     1 |       ||    35
       Distracted        |     1 |       |     2 |    12 |    18 |    31 |    32 |    53 |    31 ||   180
       Petrified         |       |       |       |       |    17 |       |       |       |     2 ||    19
       Paralysed         |       |       |       |       |     5 |     2 |     1 |       |     7 ||    15
       Confused          |       |       |       |       |     4 |     9 |     3 |    51 |     3 ||    70
       Petrifying        |       |       |       |       |       |       |       |       |     1 ||     1
  Eat: Chunk             |     1 |     8 |    12 |    23 |    38 |    35 |    36 |    12 |     6 ||   171
       Ration            |       |       |     1 |     8 |     7 |     5 |     8 |    18 |     9 ||    56
Armor: Leather armour    |    15 |    19 |    35 |   118 |     4 |     6 |       |       |       ||   197
       Troll leather arm |       |       |       |    78 |   147 |       |       |       |       ||   225
       Swamp dragon scal |       |       |       |       |       |    94 |   118 |   216 |   189 ||   617
       Robe              |       |       |       |       |       |     5 |       |       |       ||     5
       Fire dragon scale |       |       |       |       |       |       |       |       |    46 ||    46
Dodge: Dodged            |    44 |    49 |   125 |   590 |   651 |   535 |   553 |   821 |   849 ||  4217
Block: Shield            |       |    26 |   132 |   665 |   960 |   682 |   641 |  1037 |  1017 ||  5160
       Buckler           |       |       |       |     5 |       |       |       |       |       ||     5
       Reflection        |       |       |       |       |       |       |       |    38 |     9 ||    47

Table legend:
 A = Non-vault XP
 B = Vault XP
 C = Vault XP percentage of total XP
 D = Non-vault monster count
 E = Vault monster count
 F = Vault count percentage of total count
                 A         B        C        D         E       F
            +---------+---------+-------+---------+---------+-------
      Total |  640227 |  554466 |  46.4 |    1783 |    1011 |  36.2
            +---------+---------+-------+---------+---------+-------
        D:1 |      51 |       5 |   8.9 |      21 |       5 |  19.2
        D:2 |      37 |       0 |   0.0 |      16 |       0 |   0.0
        D:3 |      88 |     327 |  78.8 |      27 |       2 |   6.9
        D:4 |     386 |      25 |   6.1 |      13 |       3 |  18.8
        D:5 |     391 |     591 |  60.2 |      15 |       5 |  25.0
        D:6 |     118 |     617 |  83.9 |       4 |       1 |  20.0
        D:7 |    1209 |    1381 |  53.3 |      26 |      12 |  31.6
        D:8 |     845 |    2273 |  72.9 |      18 |      17 |  48.6
        D:9 |    1111 |       0 |   0.0 |      16 |       0 |   0.0
       D:10 |    4332 |     764 |  15.0 |      31 |      36 |  53.7
       D:11 |    1484 |     651 |  30.5 |      21 |      13 |  38.2
       D:12 |    1153 |    2742 |  70.4 |       4 |       9 |  69.2
       D:13 |    2880 |     608 |  17.4 |      20 |       1 |   4.8
       D:14 |   10901 |    6320 |  36.7 |      50 |      28 |  35.9
       D:15 |   13561 |    3579 |  20.9 |      34 |       5 |  12.8
     Temple |      43 |     129 |  75.0 |       4 |       1 |  20.0
     Lair:1 |    1571 |    1648 |  51.2 |      10 |      16 |  61.5
     Lair:2 |     665 |       0 |   0.0 |       6 |       0 |   0.0
     Lair:3 |    3752 |    2014 |  34.9 |      14 |       7 |  33.3
     Lair:4 |    6098 |    2075 |  25.4 |      37 |      22 |  37.3
     Lair:5 |    5440 |    2934 |  35.0 |      26 |      13 |  33.3
     Lair:6 |    2921 |   10007 |  77.4 |      12 |      28 |  70.0
    Swamp:1 |    8894 |     894 |   9.1 |      30 |       1 |   3.2
    Swamp:2 |   12894 |       0 |   0.0 |      43 |       0 |   0.0
    Swamp:3 |   12166 |    1000 |   7.6 |      36 |       1 |   2.7
    Swamp:4 |    6972 |   13692 |  66.3 |      24 |      24 |  50.0
   Spider:1 |   14508 |    2769 |  16.0 |      54 |       8 |  12.9
   Spider:2 |   14443 |    4921 |  25.4 |      47 |      32 |  40.5
   Spider:3 |   18375 |       0 |   0.0 |      70 |       0 |   0.0
   Spider:4 |   14286 |   18880 |  56.9 |      57 |      50 |  46.7
      Orc:1 |    3842 |    2541 |  39.8 |      48 |      25 |  34.2
      Orc:2 |    2642 |    8131 |  75.5 |      12 |      43 |  78.2
      Elf:1 |   14981 |    4178 |  21.8 |      27 |       9 |  25.0
      Elf:2 |    8303 |   16515 |  66.5 |      15 |      28 |  65.1
      Elf:3 |   10559 |   32316 |  75.4 |      27 |      39 |  59.1
   Vaults:1 |   14341 |   23240 |  61.8 |      39 |      45 |  53.6
   Vaults:2 |   24969 |   25621 |  50.6 |      52 |      34 |  39.5
   Vaults:3 |   12043 |   24491 |  67.0 |      25 |      45 |  64.3
   Vaults:4 |   26713 |    6800 |  20.3 |      64 |      14 |  17.9
   Vaults:5 |   17529 |   71599 |  80.3 |      41 |      65 |  61.3
   Depths:1 |   22821 |    3823 |  14.3 |      43 |      24 |  35.8
   Depths:2 |   31120 |   16385 |  34.5 |      49 |      12 |  19.7
   Depths:3 |   37964 |   45967 |  54.8 |      49 |      50 |  50.5
   Depths:4 |   15257 |  152437 |  90.9 |      21 |     134 |  86.5
   Depths:5 |   28301 |   16458 |  36.8 |      40 |      16 |  28.6
    Abyss:1 |   16776 |       0 |   0.0 |      36 |       0 |   0.0
    Abyss:2 |   72361 |       0 |   0.0 |     145 |       0 |   0.0
    Abyss:3 |   86713 |    2294 |   2.6 |     209 |      15 |   6.7
    Abyss:4 |   31417 |    7723 |  19.7 |      55 |      19 |  25.7
      IceCv |       0 |   13101 | 100.0 |       0 |      54 | 100.0
            +---------+---------+-------+---------+---------+-------
